Map: Cyber Forest LE

Players

Lambo - Winner!

  • Race: Zerg Zerg
  • League: Grandmaster
  • Spawn Location: 11:00

Reynor

  • Race: Zerg Zerg
  • League: Master
  • Spawn Location: 5:00

Event: HomeStory Cup XIX

VOD

Have the link to the VOD?

Description

Time

  • Played on: June 27, 2019, 9:02 a.m.
  • Length: 8:42

All games in this series

Show
View Real Time Build Order
Export as new Build Order

Lambo Zerg - Winner!

Build Orders: Hatch First 

Get SALT Encoding   

  12  0:00  Drone  
  13  0:12  Overlord  
  13  0:20  Drone  
  14  0:31  Drone x2  
  16  0:48  Hatchery  
  15  0:51  Drone  
  15  0:56  Drone  
  17  1:09  Spawning Pool  
  16  1:13  Drone  
  16  1:16  Drone  
  18  1:18  Extractor  
  18  1:20  Drone  
  18  1:31  Drone  
  19  1:42  Drone  
  20  1:51  Overlord  
  20  1:56  Queen  
  20  2:00  Drone, Queen  
  25  2:02  Drone  
  26  2:11  Drone  
  26  2:12  Drone  
  28  2:22  Drone x2  
  30  2:33  Drone x2  
  30  2:35  Lair, Queen  
  34  2:40  Evolution Chamber  
  33  2:45  Overlord  
  33  2:51  Roach Warren  
  33  2:56  Drone x2  
  34  2:59  Drone  
  35  3:06  Zerg Missile Weapons Level 1, Drone x2  
  35  3:09  Drone  
  38  3:13  Drone x2  
  40  3:21  Overlord  
  40  3:23  Drone x3  
  40  3:26  Extractor  
  42  3:27  Drone, Extractor  
  42  3:33  Glial Reconstitution  
  42  3:39  Drone x2  
  44  3:41  Drone  
  44  3:42  Drone x3  
  44  3:47  Overlord  
  44  3:48  Roach  
  50  3:57  Roach  
  50  4:02  Overlord  
  52  4:06  Overlord  
  52  4:12  Hatchery  
  52  4:13  Roach  
  52  4:15  Roach  
  55  4:19  Roach x2  
  59  4:25  Drone  
  59  4:27  Roach  
  59  4:28  Roach  
  59  4:30  Drone x2  
  66  4:32  Drone  
  66  4:34  Extractor  
  66  4:36  Drone  
  68  4:45  Drone x2  
  68  4:46  Evolution Chamber  
  68  4:49  Drone x2  
  68  4:51  Drone x2  
  68  4:52  Drone  
  73  5:00  Zerg Missile Weapons Level 2  
  73  5:03  Overlord  
  73  5:04  Roach  
  75  5:09  Overlord  
  75  5:13  Zerg Ground Armor Level 1  
  75  5:14  Overlord  
  75  5:18  Overlord  
  75  5:22  Drone  
  75  5:23  Roach x3  
  75  5:26  Roach  
  75  5:28  Ravager x2  
  86  5:29  Roach  
  86  5:32  Roach  
  90  5:36  Roach x3  
  90  5:39  Roach  
  98  5:43  Roach x2  
  98  5:46  Roach  
  98  5:49  Overlord  
  104  5:50  Roach  
  104  5:53  Roach  
  104  5:54  Roach  
  110  5:58  Roach x2  
  114  6:05  Overlord  
  114  6:06  Overlord x2  
  114  6:08  Overlord  
  114  6:10  Ravager x2  
  116  6:11  Roach  
  116  6:14  Roach  
  116  6:16  Roach  
  122  6:20  Overlord  
  122  6:25  Roach x3  
  128  6:31  Roach x4  
  136  6:37  Roach  
  136  6:38  Roach x2  
  136  6:39  Overlord  
  142  6:40  Ravager  
  142  6:43  Roach  
  142  6:44  Roach  
  142  6:46  Roach  
  149  6:49  Roach  
  149  6:53  Roach x2  
  155  6:56  Roach  
  155  6:59  Roach  
  161  7:01  Roach  
  161  7:04  Roach  
  161  7:05  Overlord  
  163  7:11  Roach x3  
  163  7:13  Overlord  
  165  7:26  Roach  
  165  7:27  Roach x2  
  145  7:32  Roach x4  
  145  7:35  Roach  
  145  7:36  Roach x3  
  140  7:38  Roach  
  140  7:40  Roach  
  140  7:44  Roach x2  
  140  7:48  Roach x2  
  140  7:53  Roach x2  
  140  7:56  Roach  
  142  8:01  Roach x2  
  142  8:05  Roach x2  
  140  8:08  Roach  
  140  8:11  Roach x2  
  133  8:13  Roach  
  133  8:19  Roach  
  129  8:22  Roach x2  
Show
View Real Time Build Order
Export as new Build Order

Reynor Zerg 

Build Orders: Hatch First 

Get SALT Encoding   

  12  0:00  Drone  
  13  0:12  Overlord  
  13  0:17  Drone  
  14  0:30  Drone x2  
  16  0:48  Hatchery  
  15  0:52  Drone  
  15  0:55  Drone  
  17  1:00  Drone  
  18  1:09  Extractor  
  17  1:15  Spawning Pool  
  17  1:18  Drone  
  17  1:21  Drone  
  18  1:28  Drone  
  19  1:38  Drone  
  20  1:49  Overlord  
  20  2:00  Drone x2  
  22  2:01  Queen x2  
  26  2:10  Drone  
  26  2:11  Drone  
  28  2:21  Drone  
  28  2:22  Drone  
  30  2:36  Hatchery  
  29  2:37  Drone  
  29  2:39  Drone  
  29  2:43  Zergling x2  
  32  2:45  Drone  
  33  2:53  Overlord  
  33  2:55  Drone  
  34  3:02  Evolution Chamber  
  34  3:04  Drone  
  34  3:05  Drone  
  34  3:10  Drone  
  34  3:12  Drone x3  
  39  3:13  Drone x2  
  39  3:17  Drone  
  42  3:20  Overlord  
  42  3:26  Roach Warren  
  41  3:29  Zerg Missile Weapons Level 1  
  41  3:31  Extractor  
  41  3:32  Drone  
  41  3:41  Drone  
  42  3:43  Drone x2  
  42  3:44  Drone  
  42  3:45  Extractor  
  42  3:48  Overlord  
  44  4:03  Queen  
  44  4:06  Roach x6  
  60  4:10  Roach  
  60  4:12  Roach x3  
  60  4:14  Overlord  
  66  4:21  Overlord  
  65  4:31  Overlord  
  65  4:32  Roach x3  
  65  4:33  Roach  
  73  4:40  Lair  
  73  4:43  Drone x3  
  73  4:44  Drone  
  77  4:46  Drone  
  77  4:47  Drone  
  77  4:49  Drone  
  77  4:51  Drone  
  82  4:52  Drone  
  82  4:54  Drone  
  82  4:56  Drone  
  84  5:03  Overlord  
  84  5:05  Roach  
  86  5:07  Roach  
  86  5:11  Drone  
  86  5:12  Drone  
  90  5:14  Extractor, Overlord  
  90  5:19  Drone  
  90  5:21  Overlord  
  90  5:22  Drone x4  
  90  5:28  Roach x2  
  98  5:30  Overlord  
  98  5:36  Drone x2  
  98  5:37  Overseer x2  
  98  5:38  Zerg Missile Weapons Level 2  
  98  5:40  Roach  
  98  5:41  Roach  
  104  5:45  Drone x2  
  104  5:47  Roach  
  104  5:48  Extractor  
  104  5:49  Drone x2  
  109  5:53  Overlord  
  109  5:58  Roach x3  
  109  6:03  Roach x3  
  121  6:07  Overlord  
  121  6:08  Spine Crawler  
  121  6:10  Overlord  
  120  6:13  Ravager x2  
  122  6:20  Overlord  
  122  6:25  Overlord  
  122  6:27  Roach x4  
  122  6:28  Ravager  
  131  6:37  Glial Reconstitution, Overlord  
  131  6:38  Overlord  
  137  6:40  Roach x3  
  137  6:41  Ravager  
  137  6:45  Roach x4  
  137  6:46  Overlord  
  146  6:47  Overseer  
  146  6:55  Overlord  
  146  6:57  Roach x4  
  154  7:03  Overlord  
  154  7:06  Roach  
  156  7:09  Roach  
  160  7:15  Roach  
  160  7:16  Roach  
  160  7:17  Roach x2  
  160  7:19  Roach x2  
  168  7:24  Roach  
  168  7:25  Roach x5  
  168  7:28  Roach  
  155  7:33  Roach  
  155  7:36  Roach  
  132  7:37  Queen  
  132  7:39  Roach x2  
  112  7:46  Roach x4  
  112  7:49  Roach x3  
  112  7:50  Roach  
  120  7:54  Roach  
  120  7:55  Roach x2  
  117  8:00  Roach x2  
  117  8:05  Roach x2  
  111  8:08  Roach  
  97  8:14  Roach  
  97  8:19  Roach x2  
Tags
 
Add a new tag
Caveats
  • Supply blocks, unpowered buildings, or Contaminate may cause inaccurate times.
  • Supply counts are checked every 10 seconds.